 Dungeon Crawl Stone Soup version 0.19.4-10-g532645f (webtiles) character file.

62 galech the Skirmisher (level 4, -3/49 HPs)
             Began as an Ogre Fighter on Feb 25, 2017.
             Slain by an orc
             ... wielding a +0 flail
              (10 damage)
             ... on level 3 of the Dungeon.
             The game lasted 00:02:50 (1725 turns).

galech the Skirmisher (Ogre Fighter)                Turns: 1725, Time: 00:02:51

Health: -3/49      AC:  4    Str: 22    XL:     4   Next: 8%
Magic:  4/4        EV:  8    Int:  7    God:
Gold:   144        SH:  8    Dex:  9    Spells: 0 memorised, 3 levels left

rFire  + . .     SeeInvis .     a - +0 flail
rCold  . . .     Gourm    .     b - +0 robe
rNeg   . . .     Faith    .     c - +0 shield
rPois  .         Spirit   .     (helmet restricted)
rElec  .         Reflect  .     h - +0 cloak
rCorr  .         Harm     .     (gloves unavailable)
MR     .....                    (boots unavailable)
Stlth  ++........               (no amulet)
                                u - ring of stealth
                                i - ring of protection from fire

@: no status effects
A: unfitting armour, tough skin 1
a: no special abilities


You were on level 3 of the Dungeon.
You were very hungry.

You visited 1 branch of the dungeon, and saw 3 of its levels.

You collected 144 gold pieces.

Inventory:

Hand Weapons
 a - a +0 flail (weapon)
Armour
 b - a +0 robe (worn)
 c - a +0 shield (worn)
 h - a +0 cloak (worn)
Jewellery
 i - a ring of protection from fire (left hand)
 u - a ring of stealth (right hand)
Scrolls
 e - a scroll of magic mapping {unknown}
 m - 2 scrolls of identify {unknown}
 o - a scroll of remove curse {unknown}
 q - 2 scrolls of enchant weapon {unknown}
 t - a scroll of teleportation {unknown}
 v - a scroll of enchant armour {unknown}
Potions
 d - 2 potions of might
 g - a potion of lignification {unknown}
 k - 2 potions of flight {unknown}
Comestibles
 f - 3 bread rations
 j - 2 beef jerkies
 l - 10 fruits
 r - a meat ration
 s - a slice of pizza


   Skills:
 + Level 4.4 Fighting
 + Level 3.7 Maces & Flails
 + Level 3.0 Dodging
 + Level 0.4 Stealth
 + Level 3.3 Shields


You had 3 spell levels left.
You didn't know any spells.

Dungeon Overview and Level Annotations

Branches:
Dungeon (3/15)

Altars:


Innate Abilities, Weirdness & Mutations

You are too large for most types of armour.
You have tough skin. (AC +1)


Message History

You are too injured to fight recklessly!
You are too injured to fight recklessly!
You are too injured to fight recklessly!
You are too injured to fight recklessly!
You are too injured to fight recklessly!
You are too injured to fight recklessly!
You are too injured to fight recklessly!
You are too injured to fight recklessly!
You are too injured to fight recklessly!
You are too injured to fight recklessly!
You barely miss the orc priest.
The orc priest is severely wounded.
The orc priest barely misses you. The orc hits you with a flail.
* * * LOW HITPOINT WARNING * * *
You hit the orc priest but do no damage.
The orc priest is severely wounded.
The orc priest hits you.
* * * LOW HITPOINT WARNING * * *
The orc hits you with a flail!
You die...

###### #....########## ###
#.......).....# ..#
##########(##.## ###### #.##
#######.....# #....# #..#
#.........#.## #....#
##.#####.........#..######....#
.#..............@##.....##....#
.#######........oo.......o....#
.# #[........#########....# .##
#..........# #....### ..#
#.....[....# #.o..o.. #.#
#............ #.....## #.###
#...........# #....o## #...##
#...........# #####..# ###..#
##########.. ##.#


You could see an orc priest and an orc.

Vanquished Creatures
  A worm (D:2)
  2 dart slugs
  2 leopard geckos
  2 orcs (D:3)
  A giant cockroach (D:1)
  9 goblins
  5 hobgoblins
  3 jackals (D:2)
  4 kobolds
  A quokka (D:3)
  2 ball pythons (D:2)
  6 bats
  3 frilled lizards
  6 rats
47 creatures vanquished.

Notes
Turn   | Place    | Note
-------+----------+-------------------------------------------
     0 | D:1      | galech the Ogre Fighter began the quest for the Orb.
     0 | D:1      | Reached XP level 1. HP: 24/24 MP: 1/1
   214 | D:1      | Reached XP level 2. HP: 22/32 MP: 2/2
   748 | D:2      | Reached XP level 3. HP: 33/39 MP: 3/3
  1520 | D:3      | Reached XP level 4. HP: 46/49 MP: 4/4
  1725 | D:3      | Slain by an orc

Skill      XL: |  1  2  3 |
---------------+----------+-----
Shields        | 3 |  3.3
Maces & Flails | 3 |  3.7
Dodging        | 3 |  3.0
Fighting       | |  4.4
Stealth        | |  0.4

Action                   |  1- 3 |  4- 6 || total
-------------------------+-------+-------++-------
Melee: Flail             |   160 |    22 ||   182
  Use: Potion            |       |     2 ||     2
 Stab: Sleeping          |     3 |       ||     3
  Eat: Chunk             |     2 |       ||     2
Armor: Robe              |    58 |     5 ||    63
Dodge: Dodged            |    67 |     9 ||    76
Block: Shield            |    89 |    12 ||   101
